Map: Pillars of Gold LE

Players

Armani

  • Race: Zerg Zerg
  • Spawn Location: 1:00

Kelazhur - Winner!

  • Race: Terran Terran
  • Spawn Location: 7:00

Event: IEM Katowice 2021

VOD

Have the link to the VOD?

Description

Time

  • Played on: Feb. 20, 2021, 9:19 a.m.
  • Length: 10:17

All games in this series

Show
View Real Time Build Order
Export as new Build Order

Armani Zerg 

Build Orders: Hatch First 

Get SALT Encoding   

  12  0:01  Drone  
  13  0:13  Overlord  
  13  0:18  Drone  
  14  0:31  Drone  
  14  0:32  Drone  
  16  0:50  Hatchery  
  16  0:54  Drone  
  16  0:58  Drone  
  16  1:01  Drone  
  18  1:14  Spawning Pool  
  18  1:17  Drone  
  18  1:20  Drone  
  19  1:30  Extractor  
  19  1:31  Drone  
  19  1:40  Drone  
  20  1:53  Drone  
  22  2:01  Zergling x2, Queen  
  22  2:02  Queen  
  22  2:03  Zergling x2  
  27  2:16  Hatchery  
  26  2:23  Overlord  
  26  2:27  Drone  
  26  2:29  Drone  
  28  2:35  Metabolic Boost  
  27  2:43  Drone x3  
  30  2:52  Drone x2  
  30  2:58  Queen  
  32  3:03  Overlord  
  34  3:08  Drone  
  35  3:22  Drone x5  
  35  3:23  Overlord  
  35  3:26  Pneumatized Carapace  
  40  3:28  Drone  
  40  3:30  Drone  
  42  3:35  Queen  
  44  3:42  Drone x2  
  44  3:44  Drone  
  44  3:48  Zergling x4  
  49  3:49  Drone x2  
  49  3:51  Drone  
  52  4:01  Overlord  
  54  4:03  Overlord  
  54  4:05  Drone x2  
  56  4:15  Drone  
  57  4:18  Overlord  
  57  4:19  Queen  
  57  4:20  Drone  
  57  4:21  Drone x3  
  57  4:23  Drone x2  
  65  4:26  Lair  
  65  4:30  Extractor  
  62  4:31  Drone  
  62  4:33  Baneling Nest  
  62  4:34  Drone x3  
  62  4:35  Overlord  
  65  4:39  Queen  
  65  4:41  Drone  
  65  4:45  Overlord  
  68  4:47  Drone  
  68  4:48  Zergling x6  
  68  4:51  Spore Crawler  
  71  4:53  Spore Crawler  
  71  4:55  Spore Crawler  
  71  4:57  Drone x3  
  71  4:59  Extractor  
  71  5:01  Extractor  
  71  5:03  Zergling x8  
  74  5:10  Zergling x8  
  78  5:16  Baneling x5  
  74  5:22  Queen  
  72  5:29  Zergling x12  
  71  5:39  Queen  
  65  5:43  Zergling x16  
  71  5:51  Queen  
  66  5:58  Queen  
  66  6:01  Overseer  
  62  6:06  Zergling x12  
  62  6:07  Drone  
  67  6:11  Drone  
  67  6:13  Drone  
  70  6:18  Drone  
  70  6:21  Drone  
  70  6:23  Drone  
  72  6:27  Drone  
  73  6:33  Drone x5  
  73  6:36  Queen x2  
  82  6:40  Extractor  
  82  6:41  Extractor, Drone  
  82  6:45  Evolution Chamber, Drone  
  82  6:47  Evolution Chamber  
  82  6:51  Zergling x6  
  82  6:52  Drone  
  85  6:54  Centrifical Hooks  
  83  7:01  Drone  
  83  7:02  Drone x5  
  83  7:06  Overlord x2  
  83  7:07  Overlord  
  89  7:13  Zerg Ground Armor Level 1, Zerg Melee Weapons Level 1  
  89  7:22  Hatchery  
  88  7:24  Drone  
  88  7:25  Zergling x6  
  92  7:34  Drone x4  
  96  7:40  Zergling x16  
  104  7:48  Overlord  
  104  7:50  Queen  
  106  7:55  Drone x2  
  107  7:59  Baneling x18  
  107  8:00  Baneling  
  107  8:01  Zergling x2  
  107  8:02  Zergling x8  
  112  8:07  Drone  
  112  8:08  Extractor  
  112  8:10  Drone  
  112  8:11  Baneling, Spore Crawler  
  105  8:31  Queen  
  100  8:38  Zergling x20  
  108  8:45  Baneling  
  108  8:48  Baneling x2  
  107  8:52  Queen x2  
  107  8:55  Zergling x6, Hatchery  
  107  8:56  Zergling x10  
  114  9:07  Queen  
  114  9:08  Zergling x10  
  121  9:10  Overlord  
  121  9:12  Overlord, Baneling x10  
  121  9:18  Overlord  
  121  9:27  Overlord  
  120  9:32  Zergling x12  
  120  9:33  Hatchery  
  120  9:38  Zergling x12  
  122  9:56  Zergling x12  
  117  10:02  Baneling x6  
Show
View Real Time Build Order
Export as new Build Order

Kelazhur Terran - Winner!

Build Orders: Reaper Expand, Hellion Banshee 

Get SALT Encoding   

  12  0:00  SCV  
  13  0:12  SCV  
  14  0:17  Supply Depot  
  14  0:24  SCV  
  15  0:39  SCV  
  15  0:41  Barracks  
  16  0:45  Refinery  
  16  0:51  SCV  
  17  1:03  SCV  
  18  1:15  SCV  
  19  1:28  Reaper, Orbital Command  
  20  1:42  Command Center  
  20  1:51  Supply Depot  
  20  1:54  SCV  
  21  1:59  Marine  
  22  2:06  SCV  
  23  2:12  Factory  
  23  2:19  SCV  
  23  2:20  Refinery  
  23  2:22  Barracks Reactor  
  24  2:31  SCV  
  25  2:44  SCV  
  26  2:55  Orbital Command  
  26  2:56  SCV  
  27  2:58  Starport  
  27  3:03  Hellion x2  
  31  3:08  SCV  
  32  3:13  Barracks Tech Lab  
  32  3:20  SCV  
  32  3:21  SCV  
  32  3:24  Hellion  
  32  3:25  Hellion  
  38  3:30  Supply Depot  
  38  3:32  SCV  
  39  3:38  SCV  
  40  3:44  Banshee, Cloaking Field, SCV  
  40  3:45  Marine  
  45  3:52  Hellion x2  
  45  3:54  SCV  
  50  3:57  SCV  
  50  3:59  Supply Depot  
  51  4:06  SCV, Armory  
  51  4:09  SCV  
  53  4:21  Hellion x2  
  53  4:22  SCV, Supply Depot  
  58  4:26  SCV  
  58  4:27  Banshee  
  62  4:42  Supply Depot  
  62  4:44  SCV x2, Hellion x2  
  68  4:45  Supply Depot  
  68  4:56  SCV x2  
  70  5:04  Command Center  
  70  5:08  SCV  
  70  5:10  SCV  
  70  5:12  Hellion x2, Banshee  
  79  5:20  SCV  
  80  5:22  SCV  
  81  5:32  SCV  
  81  5:33  Hellion  
  81  5:34  Hellion, SCV  
  72  5:44  SCV  
  72  5:46  SCV  
  72  5:49  Barracks  
  74  5:50  Barracks  
  74  5:56  SCV  
  75  5:58  SCV  
  75  6:01  Hellion x2  
  75  6:03  Barracks Tech Lab  
  76  6:04  Supply Depot  
  76  6:05  Engineering Bay  
  76  6:06  Engineering Bay  
  76  6:09  SCV  
  76  6:10  SCV  
  76  6:11  Refinery x2  
  67  6:17  Orbital Command  
  67  6:21  SCV  
  67  6:22  Starport Reactor  
  67  6:23  SCV, Marine  
  67  6:25  Stimpack  
  70  6:31  Terran Infantry Weapons Level 1  
  70  6:32  Terran Infantry Armor Level 1  
  70  6:33  SCV  
  70  6:36  Supply Depot, Factory Reactor  
  70  6:37  Orbital Command  
  71  6:40  Barracks Reactor  
  71  6:42  Supply Depot  
  71  6:44  Barracks  
  71  6:46  Barracks  
  71  6:49  Marine  
  71  6:50  SCV x2  
  74  6:58  Marine x2  
  76  7:02  SCV x2  
  76  7:03  Supply Depot  
  76  7:04  Supply Depot, Siege Tank  
  76  7:05  Medivac x2  
  76  7:06  Marine  
  76  7:08  SCV  
  87  7:14  SCV  
  87  7:15  SCV  
  89  7:16  Marine x2  
  89  7:19  Supply Depot  
  89  7:20  Supply Depot  
  89  7:21  SCV  
  92  7:26  SCV  
  92  7:27  SCV, Marine  
  92  7:28  Marine x2  
  97  7:31  Barracks Reactor  
  97  7:32  Barracks Reactor  
  97  7:33  SCV  
  97  7:36  Siege Tank  
  101  7:37  Command Center  
  101  7:40  Factory  
  101  7:45  Marine x4  
  101  7:48  Medivac  
  101  7:49  Medivac  
  109  7:53  SCV  
  109  7:55  Marine  
  111  8:02  Marine  
  111  8:03  Drilling Claws, Marine  
  111  8:04  Barracks  
  113  8:10  Supply Depot, Refinery  
  113  8:11  Marine x5  
  113  8:12  Supply Depot  
  118  8:13  Combat Shield  
  118  8:26  Marine x4  
  118  8:30  Medivac x2  
  118  8:35  Marine x5, Siege Tank  
  118  8:36  Factory Reactor  
  119  8:44  Marine x4  
  121  8:53  Marine x5  
  121  8:54  SCV x3  
  127  8:55  Marine  
  127  9:01  Marine  
  127  9:02  Marine x3  
  132  9:03  Missile Turret  
  132  9:06  SCV  
  132  9:09  Widow Mine  
  135  9:11  Marine x4  
  135  9:13  SCV x2  
  141  9:17  Marine  
  141  9:18  SCV, Marine  
  141  9:19  Marine  
  141  9:20  Marine x3  
  141  9:24  Medivac x2  
  149  9:25  SCV, Widow Mine  
  149  9:26  Widow Mine  
  149  9:29  Marine x4  
  160  9:32  Planetary Fortress  
  160  9:35  Marine  
  160  9:36  Marine  
  160  9:37  Marine x2  
  160  9:38  Widow Mine, Marauder  
  168  9:40  Marine  
  169  9:46  Marine  
  169  9:47  Marine x3  
  169  9:49  Widow Mine x2  
  163  9:53  Marine x2  
  163  9:55  Marine x2  
  163  9:58  Marine  
  163  9:59  Marine  

Tags
 
Add a new tag
Caveats
  • Supply blocks, unpowered buildings, or Contaminate may cause inaccurate times.
  • Supply counts are checked every 10 seconds.